Map: Disco Bloodbath LE

Players

TheMusZero

  • Race: Protoss Protoss
  • Spawn Location: 9:00

ButAlwayssss - Winner!

  • Race: Protoss Protoss
  • League: Master
  • Spawn Location: 3:00

Event: NationWars 2019

VOD

Have the link to the VOD?

Description

Time

  • Played on: Oct. 6, 2019, 1:05 p.m.
  • Length: 5:59
Show
View Real Time Build Order
Export as new Build Order

TheMusZero Protoss 

Build Orders: Cannon Rush 

Get SALT Encoding   

  12  0:01  Probe (Chrono Boost)  
  13  0:11  Probe (Chrono Boost)  
  14  0:17  Pylon  
  14  0:21  Probe  
  15  0:35  Probe  
  16  0:40  Forge  
  16  0:57  Pylon  
  16  1:03  Pylon  
  16  1:04  Pylon  
  16  1:09  Pylon  
  16  1:16  Photon Cannon  
  16  1:23  Gateway  
  16  1:32  Photon Cannon  
  16  1:44  Photon Cannon  
  16  1:50  Photon Cannon  
  16  1:57  Photon Cannon  
  16  2:07  Photon Cannon  
  16  2:18  Photon Cannon  
  16  2:24  Pylon  
  16  2:43  Photon Cannon  
  16  2:46  Photon Cannon  
  16  2:58  Photon Cannon  
  16  3:09  Photon Cannon  
  16  3:20  Photon Cannon  
  16  3:31  Photon Cannon  
  16  3:45  Photon Cannon  
  16  3:57  Pylon  
  16  4:07  Probe, Gateway  
  17  4:24  Photon Cannon  
  17  4:35  Probe  
  17  4:38  Assimilator  
  18  4:45  Photon Cannon  
  18  4:48  Probe  
  19  4:56  Cybernetics Core  
  19  5:00  Probe  
  20  5:08  Assimilator  
  20  5:12  Pylon, Probe  
  20  5:17  Photon Cannon  
  20  5:24  Probe  
  21  5:30  Stalker (Chrono Boost)  
  23  5:38  Shield Battery  
  23  5:41  Probe  
Show
View Real Time Build Order
Export as new Build Order

ButAlwayssss Protoss - Winner!

Build Orders: Cannon Rush 

Get SALT Encoding   

  12  0:01  Probe  
  13  0:13  Probe  
  14  0:20  Pylon  
  14  0:25  Probe  
  15  0:38  Probe (Chrono Boost)  
  15  0:39  Gateway  
  16  0:47  Assimilator  
  16  0:48  Probe (Chrono Boost)  
  17  0:53  Probe (Chrono Boost)  
  18  0:58  Assimilator  
  18  1:08  Forge  
  18  1:12  Pylon  
  18  1:14  Probe  
  19  1:27  Cybernetics Core  
  19  1:43  Photon Cannon  
  19  1:46  Photon Cannon  
  19  1:57  Photon Cannon  
  18  2:10  Photon Cannon  
  18  2:15  Warp Gate  
  18  2:26  Stalker (Chrono Boost)  
  21  2:46  Photon Cannon  
  21  2:48  Photon Cannon  
  20  2:53  Stalker  
  23  3:00  Shield Battery  
  23  3:04  Probe  
  23  3:17  Probe  
  24  3:26  Shield Battery  
  24  3:28  Stalker  
  24  3:30  Probe  
  27  3:39  Assimilator  
  27  3:46  Pylon  
  27  3:54  Probe  
  26  4:06  Pylon  
  26  4:07  Stalker  
  27  4:15  Probe  
  28  4:24  Photon Cannon  
  28  4:27  Robotics Facility  
  28  4:32  Stalker  
  28  4:37  Shield Battery  
  30  4:43  Probe  
  31  4:55  Stalker  
  33  5:04  Gateway  
  33  5:07  Gateway  
  33  5:13  Warp Prism (Chrono Boost)  
  35  5:31  Stalker  
Tags
 
Add a new tag
Caveats
  • Supply blocks, unpowered buildings, or Contaminate may cause inaccurate times.
  • Supply counts are checked every 10 seconds.